 Dungeon Crawl Stone Soup version 0.26.1-11-gd32895ea62 (webtiles) character file.

Game seed: 6478002985507301778

1086 Groucho the Covert (level 8, -2/33 HPs)
             Began as a Spriggan Enchanter on June 23, 2021.
             Was an Initiate of Kikubaaqudgha.
             Slain by an orc warrior
             ... wielding a +0 long sword
              (17 damage)
             ... on level 6 of the Dungeon on July 1, 2021.
             The game lasted 00:29:48 (15299 turns).

Groucho the Covert (Spriggan Enchanter)            Turns: 15299, Time: 00:29:49

Health: -2/33      AC:  4    Str:  6    XL:     8   Next: 9%
Magic:  2/17       EV: 19    Int: 16    God:    Kikubaaqudgha [......]
Gold:   322        SH:  0    Dex: 17    Spells: 6/18 levels left

rFire    + . .     SeeInvis +   a - +1 dagger
rCold    . . .     Faith    .   (shield restricted)
rNeg     . . .     Spirit   .   b - +0 robe
rPois    .         Reflect  .   (helmet restricted)
rElec    .         Harm     .   (no cloak)
rCorr    .         Rampage  .   (gloves unavailable)
Will     +....     Rnd*Tele +   (boots unavailable)
Stlth    ++++++....             (no amulet)
HPRegen  0.51/turn              d - ring of stealth
MPRegen  0.15/turn              g - ring of protection from fire

@: confusing touch, very quick
A: very small, unfitting armour, molten scales 1, see invisible, speed 3, frail
1, regeneration 1, teleportitis 1
a: Renounce Religion


You were on level 6 of the Dungeon.
You worshipped Kikubaaqudgha.
Kikubaaqudgha was noncommittal.
You visited 2 branches of the dungeon, and saw 7 of its levels.

You collected 322 gold pieces.

Inventory:

Hand Weapons
 a - a +1 dagger (weapon)
Missiles
 l - 18 poisoned darts (quivered)
 m - 106 stones
Armour
 b - a +0 robe (worn)
 t - a +2 buckler
Jewellery
 d - a ring of stealth (left hand)
 g - a ring of protection from fire (right hand)
 k - an uncursed ring of ice {unknown}
 w - an uncursed ring of fire
 y - an uncursed ring of willpower {unknown}
Wands
 z - a wand of flame (40)
 A - a wand of iceblast (12)
Scrolls
 e - 9 scrolls of identify
 f - a scroll of fear {unknown}
 h - 4 scrolls of teleportation
 j - 6 scrolls of remove curse
 p - a scroll of noise
 q - 3 scrolls of magic mapping
 s - a scroll of enchant weapon {unknown}
 v - 3 scrolls of amnesia
 B - a scroll of immolation {unknown}
 C - a scroll of random uselessness {unknown}
 F - a scroll of enchant armour {unknown}
Potions
 c - 4 potions of curing
 i - 2 potions of ambrosia
 n - 3 potions of brilliance {unknown}
 o - a potion of mutation
 r - a potion of degeneration {unknown}
 u - a potion of resistance {unknown}
 x - a potion of attraction {unknown}
 D - 2 potions of lignification {unknown}
 E - a potion of magic {unknown}


   Skills:
 + Level 0.5 Fighting
 + Level 1.5 Short Blades
 * Level 3.7 Dodging
 * Level 10.2 Stealth
 + Level 5.5 Spellcasting
 + Level 2.4 Conjurations
 * Level 6.4 Hexes


You had 6 spell levels left.
You knew the following spells:

 Your Spells              Type           Power        Failure   Level
a - Corona                Hex            26%          1%          1
b - Ensorcelled Hibernat  Hex/Ice        28%          6%          2
c - Confusing Touch       Hex            24%          3%          3
d - Dazzling Flash        Conj/Hex       36%          7%          3
e - Tukima's Dance        Hex            24%          3%          3

Your spell library contained the following spells:

 Spells                   Type           Power        Failure   Level


Dungeon Overview and Level Annotations

Branches:
Dungeon (6/15)             Temple (1/1) D:5

Altars:
Ashenzari
Cheibriados
Dithmenos
Elyvilon
Fedhas
Gozag
Hepliaklqana
Kikubaaqudgha
Nemelex Xobeh
Qazlal
Sif Muna
Trog
Vehumet
Wu Jian
Xom
Yredelemnul
The Shining One

Shops:
D:4 *


Innate Abilities, Weirdness & Mutations

You are very small and have problems with some larger weapons.
You are too small for most types of armour.
You have supernaturally acute eyesight. (SInv)
You cover ground extremely quickly.
You are partially covered in molten scales. (AC +2)
You are frail. (-10% HP)
Your natural rate of healing is unusually fast.
You are occasionally teleported next to monsters.


Message History

The orc priest shouts!
The orc warrior zaps a wand.
You resist with almost no effort.
Unknown command.
You barely miss the orc warrior.
Unknown command.
Unknown command.
Casting: Ensorcelled Hibernation (safe; 6% risk of failure)
Confirm with . or Enter, or press ? or * to list all spells.
Your hands begin to glow red.
The orc warrior completely misses you.
You hit the orc warrior but do no damage.
The orc warrior appears confused.
The orc warrior hits you with a +0 long sword!
The orc priest completely misses you.
Casting: Confusing Touch (dangerous; 3% risk of failure)
Confirm with . or Enter, or press ? or * to list all spells.
Your hands begin to glow red.
The orc warrior hits you with a +0 long sword!
Ouch! That really hurt!
You die...
Kikubaaqudgha rasps: "You have failed me!
Welcome... death!"

#############** ***
############............,* *,,
...........#.............# *,,
...........+.............# *,,
##########'#.....†.......#####*,,
.................#####........,,,
................o#...+.....?..*,,
...............o@+...#.......,*,,
.................###'#.......,**,
+##.....#+#########.....#######**
,,*.....*,,,,,,,,,#.....'......,,
,,*.....*,,,,,,,,,#.....#.....,,,
***....,*,,,,***,,#.....#*##..***
*,,,,,,**,,,,***,,#####o.,,**+***
*,,,,,,*,,,,,*,,,,,,,,#...,*,,,,+
*,,,,,,*,,,,,*,,,,,,,,'o...+,,,,*


You could see an orc warrior (confused) and an orc priest.

Vanquished Creatures
  Duvessa (Temple)
  A sky beast (D:5)
  An ice beast (Temple)
  2 ogres (D:4)
  A scorpion (Temple)
  Dowan (D:5)
  A howler monkey (D:4)
  A jelly (D:5)
  2 hounds
  An orc wizard (D:3)
  Terence (D:2)
  5 worker ants
  A hound skeleton (D:4)
  7 gnolls
  4 adders
  A shadow imp (Temple)
  An ufetubus (Temple)
  An ooze (D:1)
  6 worms
  6 leopard geckos
  15 orcs
  3 ball pythons
  2 giant cockroaches (D:2)
  6 goblins
  5 hobgoblins
  17 jackals
  2 quokkas
  4 bats
  5 frilled lizards
  9 kobolds
  4 rats
117 creatures vanquished.

Notes
Turn   | Place    | Note
-------+----------+-------------------------------------------
     0 | D:1      | Groucho the Spriggan Enchanter began the quest for the Orb.
     0 | D:1      | Reached XP level 1. HP: 9/9 MP: 5/5
  1003 | D:1      | Reached skill level 5 in Stealth
  1003 | D:1      | Reached XP level 2. HP: 13/13 MP: 6/6
  1114 | D:1      | Learned a level 2 spell: Ensorcelled Hibernation
  2859 | D:2      | Reached XP level 3. HP: 7/16 MP: 2/8
  4222 | D:2      | Noticed Terence
  4261 | D:2      | Learned a level 3 spell: Confusing Touch
  4641 | D:2      | Killed Terence
  4642 | D:2      | Reached skill level 6 in Stealth
  4642 | D:2      | Reached XP level 4. HP: 19/21 MP: 2/10
  6051 | D:2      | Learned a level 3 spell: Dazzling Flash
  7762 | D:3      | Reached skill level 7 in Stealth
  7762 | D:3      | Reached XP level 5. HP: 24/24 MP: 6/11
  9083 | D:3      | Reached skill level 1 in Conjurations
  9083 | D:3      | Reached skill level 5 in Hexes
  9949 | D:3      | Reached XP level 6. HP: 15/28 MP: 9/13
 10206 | D:3      | Learned a level 3 spell: Tukima's Dance
 10293 | D:4      | Reached skill level 8 in Stealth
 10358 | D:4      | Found Moiwkefotaxt's Mass Market.
 11307 | D:4      | Reached XP level 7. HP: 27/32 MP: 15/15
 11466 | D:4      | Found a hazy altar of Hepliaklqana.
 11519 | D:4      | Found a bloodstained altar of Trog.
 11566 | D:5      | Entered Level 5 of the Dungeon
 11566 | D:5      | Found a staircase to the Ecumenical Temple.
 11571 | Temple   | Entered the Ecumenical Temple
 11619 | Temple   | Became a worshipper of Kikubaaqudgha
 11813 | Temple   | Reached skill level 9 in Stealth
 11878 | Temple   | Reached skill level 5 in Spellcasting
 12660 | D:5      | Noticed Dowan
 12662 | D:5      | Noticed Duvessa
 13074 | D:5      | Killed Dowan
 13626 | Temple   | Killed Duvessa
 13627 | Temple   | Reached skill level 10 in Stealth
 14351 | D:5      | Found a glowing golden altar of the Shining One.
 14362 | D:5      | Reached XP level 8. HP: 37/37 MP: 17/17
 14424 | D:6      | Gained mutation: You are partially covered in molten
                  | scales. (AC +2) [potion of mutation]
 14424 | D:6      | Gained mutation: You are occasionally teleported next to
                  | monsters. [potion of mutation]
 14424 | D:6      | Gained mutation: You are frail. (-10% HP) [potion of
                  | mutation]
 14424 | D:6      | Gained mutation: Your natural rate of healing is unusually
                  | fast. [potion of mutation]
 14991 | D:6      | Found a radiant altar of Vehumet.
 15289 | D:6      | Paralysed by an orc warrior for 5 turns
 15299 | D:6      | Slain by an orc warrior

Illustrated notes

Levels and vault maps discovered:
D:1:      tarquinn_simple_flora_water_e, layout_basic
D:2:      layout_basic, minmay_misc_feat_tiny, minmay_goblin_kobold_house,
          uniq_terence
D:3:      layout_rooms
D:4:      lemuel_upstairs_altar, layout_gridville, lightli_temple_of_fire,
          marbit_many_paths, minmay_shop_mass
D:5:      layout_cave_pools, lemuel_round_altar, minmay_temple_entry_offerings,
          uniq_duvessa
D:6:      layout_gridville, vehumet_crystals, kennysheep_mini_moat
Temple:   cyrus_circular_temple

Skill      XL: |  1  2  3  4  5  6  7 |
---------------+----------------------+-----
Stealth        | 5 6 7 8 10 | 10.2
Spellcasting   | 3 4 5 |  5.5
Hexes          | 4 5 6 |  6.4
Conjurations   | 1 2 |  2.4
Fighting       | |  0.5
Short Blades   | |  1.5
Dodging        | |  3.7

Action                   |  1- 3 |  4- 6 |  7- 9 || total
-------------------------+-------+-------+-------++-------
Melee: Dagger            |   102 |   135 |    91 ||   328
Throw: Stone             |     4 |     4 |       ||     8
       Dart              |       |     4 |     2 ||     6
 Cast: Ensorcelled Hiber |    26 |    67 |    24 ||   117
       Confusing Touch   |     1 |     1 |    11 ||    13
       Tukima's Dance    |       |       |     3 ||     3
Evoke: Wand              |       |     1 |       ||     1
  Use: Scroll            |       |     3 |     5 ||     8
       Potion            |       |     1 |     6 ||     7
 Stab: Sleeping          |    23 |    47 |    18 ||    88
       Distracted        |     1 |     1 |     1 ||     3
       Confused          |       |       |     7 ||     7
Armor: Robe              |     8 |    15 |     5 ||    28
Dodge: Dodged            |    78 |   107 |    76 ||   261
